AoeStats
← Drumstein

MegaRandom

507678725Analyzed
4v4 RM · 13d ago on Sep 19, 2026· 63m 43s· 8 players
Game mode
Random Map
Map size
Large (8 player)
Population
200
Speed
Normal
Resources
Standard
Victory
Conquest
Starting age
Dark Age
Ending age
Imperial Age
RankedLock teamsTeams togetherTeam positionsShared explorationLock speedFull tech treeHidden civsTurbo modeCheats
Victory
Defeat
🇩🇪 Mongols · Germany
979
+16
🇮🇳 Spanish · India
977
+16
940
+17
🇹🇷 Franks · Türkiye
916
+18
1062
-20
🇨🇿 Goths · Czechia
1035
-19
🇫🇷 Gurjaras · France
892
-14
🇹🇼 Italians · Taiwan
891
-14
vinsin4105
0:45 Loom
12:48 Feudal Age
14:01 Feudal Age
21:12 Castle Age
19:41 Fletching
23:26 Wheelbarrow
27:46 Forging
31:00 Hand Cart
33:51 Imperial Age
31:11 Town Watch
32:02 Horse Collar
32:13 Double-Bit Axe
33:29 Bodkin Arrow
35:37 Chemistry
34:58 Ballistics
34:48 Town Patrol
35:40 Bow Saw
35:32 Heavy Plow
37:48 Elite Skirmisher
40:25 Padded Archer Armor
40:26 Bracer
41:02 Iron Casting
41:38 Murder Holes
41:55 Masonry
42:33 Leather Archer Armor
46:45 Supremacy
46:46 Conscription
47:03 Hoardings
45:49 Elite Conquistador
51:55 Caravan
52:39 Scale Barding Armor
52:34 Scale Mail Armor
53:35 Blast Furnace
53:06 Ring Archer Armor
51:59 Elite Conquistador
53:19 Hoardings
52:52 Cavalier
53:32 Husbandry
53:43 Bloodlines
54:52 Chain Barding Armor
54:49 Chain Mail Armor
54:40 Paladin
56:36 Gold Mining
59:03 Plate Barding Armor
59:02 Coinage
58:44 Guilds
60:33 Two-Man Saw
60:12 Plate Mail Armor
61:57 Light Cavalry
63:26 Bombard Tower
63:37 Architecture
RASHAD KHALID
15:49 Feudal Age
16:01 Feudal Age
18:29 Double-Bit Axe
21:09 Castle Age
26:18 Imperial Age
24:39 Husbandry
25:01 Forging
24:51 Scale Mail Armor
26:21 Iron Casting
27:09 Chain Mail Armor
27:00 Scale Barding Armor
28:10 Conscription
28:27 Cavalier
29:00 Gold Mining
34:11 Blast Furnace
36:04 Elite Throwing Axeman
36:59 Fletching
37:09 Padded Archer Armor
38:46 Ballistics
41:23 Chemistry
42:54 Plate Mail Armor
42:45 Chain Barding Armor
43:35 Caravan
43:36 Heavy Scorpion
47:11 #83
48:38 Plate Barding Armor
48:01 Bodkin Arrow
48:21 Leather Archer Armor
57:40 Paladin
64:05 Chivalry
Drumstein
0:45 Loom
11:56 Feudal Age
12:42 Double-Bit Axe
20:10 Castle Age
19:00 Bloodlines
18:48 Horse Collar
20:48 Light Cavalry
21:33 Husbandry
21:45 Forging
24:45 Thumb Ring
25:06 Bow Saw
28:10 Wheelbarrow
29:17 Medium Warships
30:26 Town Watch
35:47 Imperial Age
33:34 Heavy Plow
33:52 Fervor
35:39 Elite Skirmisher
37:37 Ballistics
38:19 Chemistry
37:51 Capped Ram
42:28 Iron Casting
41:45 Fletching
42:51 Drill
42:36 Nomads
48:24 Conscription
47:57 Stone Mining
47:58 Gold Mining
48:26 Hand Cart
49:28 Elite Steppe Lancer
50:30 Hussar
51:54 Scale Barding Armor
51:45 Bodkin Arrow
53:02 Town Patrol
53:21 Murder Holes
53:37 Masonry
56:15 Blast Furnace
60:57 Heavy Warships
61:30 Caravan
ナンゴン ウェニア
0:33 Loom
8:22 Feudal Age
9:40 Double-Bit Axe
15:49 Town Watch
19:13 Wheelbarrow
19:08 Gold Mining
19:08 Stone Mining
19:37 Fletching
25:46 Castle Age
23:38 Stone Mining
24:08 Horse Collar
26:25 Bodkin Arrow
27:37 Guard Tower
27:58 Masonry
30:21 Pikeman
32:00 Squires
32:12 Scale Mail Armor
32:14 Heavy Plow
40:04 Hand Cart
44:41 Imperial Age
43:04 Bloodlines
43:04 Scale Barding Armor
43:09 Forging
44:09 Stone Shaft Mining
45:46 Chain Barding Armor
46:01 Iron Casting
44:48 Cavalier
46:38 Conscription
47:10 Plate Barding Armor
48:48 Blast Furnace
50:37 Crenellations
52:27 Hoardings
51:25 Paladin
54:23 Padded Archer Armor
54:39 Chain Mail Armor
54:04 Paladin
58:30 Chemistry
57:29 Capped Ram
61:55 Crop Rotation
hula
11:32 Feudal Age
24:52 Double-Bit Axe
25:32 Fishing Lines
35:13 Castle Age
36:17 Bow Saw
42:04 Scale Barding Armor
42:10 Husbandry
42:34 Bloodlines
42:46 Gold Mining
42:50 Stone Mining
42:26 Light Cavalry
44:05 Chain Barding Armor
46:07 Gillnets
50:44 Imperial Age
50:51 Herbal Medicine
s520s
0:34 Loom
10:43 Feudal Age
15:20 Double-Bit Axe
20:04 Castle Age
17:59 Horse Collar
19:52 Fletching
24:22 Bodkin Arrow
33:12 Padded Archer Armor
35:10 Gold Mining
41:54 Imperial Age
42:53 Wheelbarrow
43:13 Conscription
44:28 Bracer
44:44 Leather Archer Armor
44:56 Thumb Ring
44:13 Elite Skirmisher
44:59 Thumb Ring
48:51 Bow Saw
49:15 Ring Archer Armor
48:11 Elite Genoese Crossbowman
49:13 Silk Road
52:27 Elite Genoese Crossbowman
53:45 Hoardings
62:24 Hand Cart
61:55 Town Watch
63:49 Town Patrol
老外 我一会儿塔爆啊
8:43 Feudal Age
10:50 Double-Bit Axe
13:25 Castle Age
16:01 Bow Saw
21:27 Fervor
26:58 Imperial Age
24:15 Horse Collar
25:00 Heavy Plow
25:08 Gold Mining
25:58 Stone Mining
26:47 Gold Shaft Mining
26:52 Wheelbarrow
26:39 Fletching
26:49 Padded Archer Armor
27:16 Scale Barding Armor
27:24 Forging
27:48 Bodkin Arrow
28:31 Conscription
28:22 Forging
29:04 Ballistics
29:52 Leather Archer Armor
29:37 Bracer
30:23 Chain Barding Armor
30:57 Iron Casting
31:36 Stone Shaft Mining
31:47 Hand Cart
32:52 Nomads
32:38 Elite Mangudai
34:24 Thumb Ring
34:45 Parthian Tactics
34:19 Elite Mangudai
36:25 Blast Furnace
36:05 Capped Ram
38:01 Siege Ram
41:09 Drill
43:11 Chemistry
42:22 Fortified Wall
46:23 Husbandry
46:33 Bloodlines
45:43 Light Cavalry
47:17 Nomads
46:40 Heavy Cavalry Archer
47:05 Hussar
51:25 Hoardings
51:26 Town Watch
Abraham
8:05 Loom
9:58 Feudal Age
15:34 Town Watch
19:09 Castle Age
17:15 Scale Mail Armor
17:32 Horse Collar
17:38 Double-Bit Axe
24:51 Heavy Plow
25:07 Bow Saw
28:17 Wheelbarrow
29:17 Pikeman
36:08 Anarchy
39:34 Imperial Age
41:26 Demolition Ship
45:18 Elite Huskarl
46:26 Chain Mail Armor
48:41 Halberdier
49:12 Heavy Demolition Ship
50:02 Squires
51:53 Forging
55:43 Fletching
Connection lost

Rejoining the realm…

Still unreachable

The connection could not be restored.

Session expired

The server has moved on; the page needs a fresh start.